 Dungeon Crawl Stone Soup version 0.31-a0-222-gefeffbb62a (webtiles) character file.

Game seed: 8802193558336752325

221 bmack86 the Chopper (level 5, -2/45 HPs)
             Began as a Minotaur Fighter on July 6, 2023.
             Slain by an orc priest
             ... wielding a +0 flail
              (5 damage)
             ... on level 3 of the Dungeon.
             The game lasted 00:06:30 (2202 turns).

bmack86 the Chopper (Minotaur Fighter)              Turns: 2202, Time: 00:06:31

Health: -2/45      AC: 12    Str: 23    XL:     5   Next: 65%
Magic:  4/4        EV:  3    Int:  5    God:
Gold:   181        SH: 11    Dex:  9    Spells: 4/4 levels left

rFire   . . .        a - +0 war axe
rCold   . . .        t - +0 tower shield
rNeg    . . .        o - +0 plate armour
rPois   .            (helmet restricted)
rElec   .            (no cloak)
rCorr   .            (no gloves)
SInv    .            m - +0 pair of boots
Will    .....        (no amulet) Stlth
                     i - ring of flight
HPRegen 0.27/turn    (no ring)
MPRegen 0.09/turn

%: no passive effects
@: flying
A: horns 2, retaliatory headbutt
a: no special abilities


You were on level 3 of the Dungeon.
You visited 1 branch of the dungeon, and saw 3 of its levels.

You collected 181 gold pieces.

Inventory:

Hand Weapons
 a - a +0 war axe (weapon)
Armour
 b - a +0 scale mail
 c - a +0 buckler
 m - a +0 pair of boots (worn)
 o - a +0 plate armour (worn)
 t - a +0 tower shield (worn)
Jewellery
 i - a ring of flight (left hand)
Scrolls
 e - a scroll of summoning {unknown}
 f - a scroll of amnesia {unknown}
 g - a scroll of fog {unknown}
 j - a scroll of poison
 k - a scroll of silence {unknown}
 p - a scroll of enchant weapon {unknown}
 r - a scroll of fear {unknown}
Potions
 d - 2 potions of might
 h - 2 potions of heal wounds {unknown}
 l - 2 potions of curing {unknown}
 n - 2 potions of lignification {unknown}
 q - a potion of mutation {unknown}
 s - a potion of invisibility {unknown}


   Skills:
 - Level 3.6 Fighting
 + Level 7.2 Axes
 - Level 3.6 Armour
 - Level 3.6 Shields


You had 4 spell levels left.
You didn't know any spells.
Your spell library contained the following spells:

 Spells                   Type           Power      Damage    Failure   Level
 Poisonous Vapours        Pois/Air       0%         N/A       100%        2
 Mephitic Cloud           Conj/Pois/Air  0%         N/A       100%        3
 Freezing Cloud           Conj/Ice/Air   0%         6-21      100%        5


Dungeon Overview and Level Annotations

Branches:
Dungeon (3/15)

Altars:
Qazlal

Annotations:
D:3 3 runed translucent doors, olmar's ghost, amateur DjHW


Innate Abilities, Weirdness & Mutations

You have a pair of horns on your head.
You reflexively headbutt those who attack you in melee.


Message History

Beogh smites you!
The orc wizard gestures wildly while chanting.
The orc wizard flickers and vanishes!
Deactivating autopickup; reactivate with Ctrl-A.
You hit the orc but do no damage. You block the orc's attack.
An orc comes into view. It is wielding a +0 dagger.
You hit the orc. You headbutt the orc, but do no damage.
The orc is heavily wounded.
The orc hits you but does no damage. x2
An orc comes into view. It is wielding a +0 club.
The orc shouts!
You hit the orc.
You kill the orc!
You barely miss something. Your headbutt misses something.
You hear some strange, mumbled words.
A magic dart appears from out of thin air!
The magic dart hits you.
You barely miss something. Your headbutt misses something.
You block something's attack. Something hits you but does no damage.
You closely miss something. Something hits you but does no damage.
You hit something. Something hits you.
The orc priest begins to cast a cantrip, but forgets the words!
You hear some strange, mumbled words.
A puff of flame appears from out of thin air!
The puff of flame hits you.
You hit something.
Reactivating autopickup.
You feel a bit more experienced.
The orc priest invokes the aid of Beogh against you.
Beogh smites you!
* * * LOW HITPOINT WARNING * * *
The orc priest hits you with a +0 flail.
* * * LOW HITPOINT WARNING * * *
Items here: )) [[ †.
You hit the orc priest but do no damage.
You block the orc priest's attack. x2
You hit the orc priest.
The orc priest is moderately wounded.
The orc priest hits you with a +0 flail.
You die...

....# ######
.....#
####.#############
.................#
####.###########.#
#.# #.# #.# #.#
#.# #@# #.# #o#
#.# #o# #.# #o#
..# ###


You could see an orc priest and 2 orcs.

Vanquished Creatures
  An orc priest (D:3)
  2 orc wizards (D:3)
  5 adders
  A worm (D:2)
  4 dart slugs
  4 orcs (D:3)
  5 endoplasms
  5 giant cockroaches
  5 goblins
  4 hobgoblins
  10 jackals
  2 kobolds
  5 quokkas
  8 ball pythons
  6 bats
  4 frilled lizards (D:1)
  11 rats
82 creatures vanquished.

Notes
Turn   | Place    | Note
-------+----------+-------------------------------------------
     0 | D:1      | bmack86 the Minotaur Fighter began the quest for the Orb.
     0 | D:1      | Reached XP level 1. HP: 19/19 MP: 0/0
    66 | D:1      | Reached skill level 3 in Axes
   104 | D:1      | Reached XP level 2. HP: 26/26 MP: 1/1
   143 | D:1      | Reached skill level 4 in Axes
   232 | D:1      | Reached XP level 3. HP: 28/31 MP: 2/2
   943 | D:2      | Reached skill level 5 in Axes
  1146 | D:2      | Reached XP level 4. HP: 39/39 MP: 3/3
  1184 | D:2      | Found a stormy altar of Qazlal.
  1611 | D:3      | Reached skill level 6 in Axes
  1614 | D:3      | Reached XP level 5. HP: 7/45 MP: 4/4
  1890 | D:3      | Noticed olmar's ghost (amateur DjHW)
  1919 | D:3      | Found a runed translucent gate.
  1919 | D:3      | Found a runed translucent gate.
  1919 | D:3      | Found a runed translucent gate.
  2117 | D:3      | Reached skill level 7 in Axes
  2200 | D:3      | HP: 2/45 [orc priest/+0 flail (6)]
  2202 | D:3      | Slain by an orc priest

Illustrated notes

Levels and vault maps discovered:
D:1:      evilmike_arrival_hilbert_curve, layout_rooms
D:2:      layout_basic, basic_altar, serial_aquarium,
          aquarium_bridge_long_separate [aquarium_subvault_wall,
          aquarium_subvault_wall, aquarium_subvault_bridge,
          aquarium_subvault_bridge, aquarium_subvault_window,
          aquarium_subvault_wall], aquarium_window_corner,
          aquarium_window_corner, aquarium_view_2f, aquarium_balcony_1b,
          aquarium_pool_1
D:3:      layout_basic, gammafunk_ghost_icy

Skill      XL: |  1  2  3  4  5 |
---------------+----------------+-----
Axes           | 3 4 5 6 7 |  7.2
Fighting       | |  3.6
Armour         | |  3.6
Shields        | |  3.6

Action                     |  1- 3 |  4- 6 || total
---------------------------+-------+-------++-------
  Melee: War axe           |    82 |    80 ||   162
         Headbutt          |     5 |    13 ||    18
    Use: Scroll            |     1 |       ||     1
 Armour: Scale mail        |    43 |       ||    43
         Plate armour      |       |    59 ||    59
  Dodge: Dodged            |    49 |    23 ||    72
  Block: Buckler           |    23 |    12 ||    35
         Tower shield      |       |    10 ||    10

Table legend: (Time is in decaauts)
 A = Elapsed time spent in this place.
 B = Non-inter-level travel time spent in this place.
 C = Inter-level travel time spent in this place.
 D = Time resting spent in this place.
 E = Time spent auto-exploring this place.
 F = Levels seen in this place.
 G = Mean time per level.
                   A        B        C        D        E       F      G
               +--------+--------+--------+--------+--------+-----+--------+
         Total |   2248 |   2223 |     25 |    243 |   1159 |   3 |  749.3 |
       Dungeon |   2248 |   2223 |     25 |    243 |   1159 |   3 |  749.3 |
               +--------+--------+--------+--------+--------+-----+--------+

Top non-repeatable levels by time:
     D:2: 922 daAuts
     D:1: 665 daAuts
     D:3: 661 daAuts
